 Dungeon Crawl Stone Soup version 0.32-a0-290-g598725c5f2 (webtiles) character file.

Game seed: 17054289318582953447

203 Dittersdorf the Covered (level 5, 0/34 HPs)
             Began as a Gargoyle Fighter on Feb 13, 2024.
             Slain by an orc
             ... wielding a +0 trident
              (5 damage)
             ... on level 3 of the Dungeon.
             The game lasted 00:01:43 (2172 turns).

Dittersdorf the Covered (Gargoyle Fighter)          Turns: 2172, Time: 00:01:43

Health: 0/34       AC: 13    Str: 21    XL:     5   Next: 81%
Magic:  5/5        EV:  9    Int:  9    God:
Gold:   125        SH:  4    Dex:  9    Spells: 4/4 levels left

rFire   . . .        a - +0 flail
rCold   . . .        c - +0 buckler
rNeg    + . .        b - +0 scale mail
rPois   ∞            n - +0 helmet
rElec   +            (no cloak)
rCorr   .            g - +0 pair of gloves
SInv    .            (no boots)
Will    .....        (no amulet) Stlth
                     (no ring)
HPRegen 0.25/turn    (no ring)
MPRegen 0.09/turn

%: no passive effects
@: no status effects
A: sickness immunity, AC +4, negative energy resistance 1, electricity
resistance, torment resistance 1, petrification resistance
a: no special abilities


You were on level 3 of the Dungeon.
You visited 1 branch of the dungeon, and saw 3 of its levels.

You collected 125 gold pieces.

Inventory:

Hand Weapons
 a - a +0 flail (weapon)
Armour
 b - a +0 scale mail (worn)
 c - a +0 buckler (worn)
 g - a +0 pair of gloves (worn)
 n - a +0 helmet (worn)
Scrolls
 e - 2 scrolls of fog {unknown}
 f - a scroll of silence {unknown}
 h - a scroll of fear {unknown}
 j - a scroll of teleportation {unknown}
 k - a scroll of vulnerability {unknown}
 l - 2 scrolls of identify {unknown}
 o - a scroll of enchant armour {unknown}
 p - a scroll of amnesia {unknown}
Potions
 d - 2 potions of might
 i - a potion of resistance {unknown}
 m - a potion of attraction {unknown}
 q - a potion of curing {unknown}


   Skills:
 + Level 4.4 Fighting
 + Level 3.3 Maces & Flails
 + Level 4.4 Armour
 + Level 4.4 Shields


You had 4 spell levels left.
You didn't know any spells.
Your spell library contained the following spells:

 Spells                   Type           Power      Damage    Failure   Level
 Alistair's Intoxication  Alch           0%         N/A       100%        5
 Borgnjor's Vile Clutch   Necr/Erth      0%         N/A       100%        5
 Eringya's Noxious Bog    Alch           0%         4d6       100%        6


Dungeon Overview and Level Annotations

Branches:
Dungeon (3/15)

Altars:
Vehumet
Xom
The Shining One

Shops:
D:1 (   D:3 (


Innate Abilities, Weirdness & Mutations

You are immune to sickness and miasma.
Your stone body is resilient. (AC +4)
You are immune to poison.
You resist negative energy. (rN+)
You are resistant to electric shocks. (rElec)
You are resistant to unholy torment.
You are immune to petrification.


Message History

You are too injured to fight recklessly!
You are too injured to fight recklessly!
You are too injured to fight recklessly!
You are too injured to fight recklessly!
You are too injured to fight recklessly!
You are too injured to fight recklessly!
You are too injured to fight recklessly!
You are too injured to fight recklessly!
You are too injured to fight recklessly!
You are too injured to fight recklessly!
The orc attacks as it pursues you! The orc hits you but does no damage.
The orc wizard points at you and mumbles some strange words.
The puff of flame hits you. The orc attacks as it pursues you!
The orc hits you with a +0 flail.
* * * LOW HITPOINT WARNING * * *
The orc attacks as it pursues you! The orc hits you with a +0 flail.
* * * LOW HITPOINT WARNING * * *
The orc attacks as it pursues you! The orc barely misses you.
There is an open door here.
You thump the orc!
You kill the orc!
The orc wizard casts a spell.
The orc wizard flickers and vanishes!
Deactivating autopickup; reactivate with Ctrl-A.
The orc hits you with a +0 falchion.
* * * LOW HITPOINT WARNING * * *
Things that are here:
a +0 flail; an orc corpse You hit the orc.
You kill the orc!
You hit the hobgoblin.
The hobgoblin is severely wounded.
The hobgoblin hits you but does no damage.
The orc hits you from afar with a +0 trident.
* * * LOW HITPOINT WARNING * * *
You block the hobgoblin's attack.
You hit the hobgoblin.
You kill the hobgoblin!
The orc hits you from afar with a +0 trident.
You die...

'## ..♣# ...# ..♣# ...#
_############### ##
##).........# ######
####...........#####....####
...............'@){J........
####...........###o.....## #
#...........# #.#.....## #
#...........# #.##.....# #
#...........# #.##.....# #
#...........# #..#.....# #
#...........# ##.#...:.#
#####..∩..###### .##......
..))......# .# ...###.


You could see an orc and an endoplasm.

Vanquished Creatures
  A hound (D:3)
  Jessica (D:2)
  3 gnolls (D:3)
  2 adders (D:2)
  3 dart slugs (D:1)
  2 orcs (D:3)
  2 bats (D:2)
  3 endoplasms
  A giant cockroach (D:2)
  2 goblins (D:1)
  3 hobgoblins
  4 jackals (D:2)
  5 kobolds
  4 quokkas
  5 ball pythons
  5 frilled lizards
  4 rats
50 creatures vanquished.

Vanquished Creatures (others)
  A ghoul (D:1)
  A demonspawn (D:1)
  An octopode (D:1)
  A djinni (D:1)
  2 merfolk (D:1)
  An elf (D:1)
  A naga (D:1)
  A demigod (D:1)
  A dwarf (D:1)
  An oni (D:1)
  A felid (D:1)
  A barachi (D:1)
  A gnoll (D:1)
  A kobold (D:1)
  5 tentacles (D:1)
20 creatures vanquished.

Grand Total: 70 creatures vanquished

Notes
Turn   | Place    | Note
-------+----------+-------------------------------------------
     0 | D:1      | Dittersdorf the Gargoyle Fighter began the quest for the
                  | Orb.
     0 | D:1      | Reached XP level 1. HP: 14/14 MP: 1/1
     2 | D:1      | Noticed a djinni
     2 | D:1      | Noticed a felid
     2 | D:1      | Noticed a ghoul
     2 | D:1      | Noticed an elf
     2 | D:1      | Noticed a barachi
     2 | D:1      | Noticed a dwarf
     2 | D:1      | Noticed a demigod
     2 | D:1      | Noticed a kraken
     2 | D:1      | Noticed an oni
     2 | D:1      | Noticed an octopode
     2 | D:1      | Noticed a merfolk
     2 | D:1      | Noticed a naga
     2 | D:1      | Noticed a merfolk
     2 | D:1      | Noticed a demonspawn
     5 | D:1      | Killed a djinni
     5 | D:1      | Killed a felid
     6 | D:1      | Killed a dwarf
     8 | D:1      | Killed a naga
     8 | D:1      | Killed an oni
     9 | D:1      | Killed a merfolk
     9 | D:1      | Killed a barachi
    12 | D:1      | Killed a merfolk
    12 | D:1      | Killed an octopode
    13 | D:1      | Reached XP level 2. HP: 19/19 MP: 2/2
    13 | D:1      | Killed a demigod
    14 | D:1      | Killed a ghoul
    15 | D:1      | Killed an elf
    17 | D:1      | Killed a demonspawn
    94 | D:1      | Found Ledghen's Weapon Emporium.
   257 | D:1      | Reached XP level 3. HP: 23/23 MP: 3/3
  1215 | D:2      | Reached XP level 4. HP: 28/29 MP: 4/4
  1494 | D:2      | Found a faded altar of an unknown god.
  1542 | D:2      | Noticed Jessica
  1553 | D:2      | Killed Jessica
  1554 | D:2      | Reached XP level 5. HP: 33/33 MP: 5/5
  1962 | D:3      | Found Qeickur's Antique Weapon Boutique.
  2033 | D:3      | Found a radiant altar of Vehumet.
  2063 | D:3      | Found a shimmering altar of Xom.
  2097 | D:3      | Found a glowing golden altar of the Shining One.
  2172 | D:3      | Slain by an orc

Illustrated notes

Levels and vault maps discovered:
D:1:      nicolae_arrival_kraken_aquarium_b, layout_basic, serial_shops,
          nicolae_shop_crystal, minivault_5, roderic_lattice_a,
          minmay_pentomino_v2
D:2:      layout_basic, hellmonk_ecumenical_altar_pennies_from_heaven,
          skrybe_limestone_x, minmay_misc_feat_roman, uniq_jessica
D:3:      layout_basic, nzn_overflow_gifts_of_might_and_magic,
          lemuel_tele_altar, tso_altar, mainiacjoe_overflow_brackets,
          mainiacjoe_overflow_catwalk_spiral, serial_shops, shop

Skill      XL: |  1  2  3  4 |
---------------+-------------+-----
Fighting       | 4 |  4.4
Armour         | 4 |  4.4
Shields        | 4 |  4.4
Maces & Flails | 3 |  3.3

Action                     |  1- 3 |  4- 6 || total
---------------------------+-------+-------++-------
  Melee: Flail             |    84 |    95 ||   179
 Armour: Scale mail        |    49 |   108 ||   157
  Dodge: Dodged            |    33 |    54 ||    87
  Block: Buckler           |    17 |    35 ||    52

Table legend: (Time is in decaauts)
 A = Elapsed time spent in this place.
 B = Non-inter-level travel time spent in this place.
 C = Inter-level travel time spent in this place.
 D = Time resting spent in this place.
 E = Time spent auto-exploring this place.
 F = Levels seen in this place.
 G = Mean time per level.
                   A        B        C        D        E       F      G
               +--------+--------+--------+--------+--------+-----+--------+
         Total |   2227 |   2046 |    181 |      0 |   1652 |   3 |  742.3 |
       Dungeon |   2227 |   2046 |    181 |      0 |   1652 |   3 |  742.3 |
               +--------+--------+--------+--------+--------+-----+--------+

Top non-repeatable levels by time:
     D:1: 1105 daAuts
     D:2: 901 daAuts
     D:3: 220 daAuts
